 Dungeon Crawl Stone Soup version 0.31-a0-960-g0fca184906 (webtiles) character file.

Game seed: 3785905062637143041

364 Arzdou the Slasher (level 6, 0/47 HPs)
             Began as a Merfolk Monk on Oct 22, 2023.
             Was a Priest of Okawaru.
             Splashed by a jelly's acid (1 damage)
             ... on level 4 of the Dungeon.
             The game lasted 00:06:22 (2594 turns).

Arzdou the Slasher (Merfolk Monk)                   Turns: 2594, Time: 00:06:23

Health: 0/47       AC: -1    Str: 23    XL:     6   Next: 67%
Magic:  0/9        EV: 18    Int: 10    God:    Okawaru [***...]
Gold:   152        SH:  0    Dex: 18    Spells: 5/5 levels left

rFire   + . .        a - +0 falchion
rCold   . . .        d - orb {light}
rNeg    . . .        w - +0 robe of Okawaru's Envy {rElec rF+ Str+6}
rPois   .            (no helmet)
rElec   +            (no cloak)
rCorr   .            (no gloves)
SInv    .            (no boots)
Will    +....        f - amulet of guardian spirit
Stlth   ++           g - ring of willpower
HPRegen 0.27/turn    h - +6 ring of strength
MPRegen 0.11/turn

%: guardian spirit
@: heroic, corroded, glowing
A: (nimble swimmer 2), mertail
a: Renounce Religion, Heroism


You were on level 4 of the Dungeon.
You worshipped Okawaru.
Okawaru was most pleased with you.
You visited 1 branch of the dungeon, and saw 4 of its levels.

You collected 152 gold pieces.

Inventory:

Hand Weapons
 a - a +0 falchion (weapon)
Armour
 b - a +0 robe
 d - an orb of light (worn)
 r - a +0 scale mail
 w - the +0 robe of Okawaru's Envy (worn) {rElec rF+ Str+6}
   (You found it on level 3 of the Dungeon)

   Str+6:     It affects your strength (+6).
   rF+:       It protects you from fire.
   rElec:     It insulates you from electricity.
Jewellery
 f - an amulet of guardian spirit (around neck)
 g - a ring of willpower (left hand)
 h - a +6 ring of strength (right hand)
Talismans
 y - a maw talisman
Scrolls
 k - a scroll of fog {unknown}
 m - 2 scrolls of identify {unknown}
 n - 3 scrolls of immolation {unknown}
 o - a scroll of silence {unknown}
 p - 2 scrolls of noise {unknown}
 q - a scroll of amnesia {unknown}
 s - a scroll of teleportation {unknown}
 u - a scroll of revelation {unknown}
 v - a scroll of vulnerability {unknown}
Potions
 c - a potion of ambrosia
 e - a potion of degeneration {unknown}
 i - a potion of magic {unknown}
 j - 3 potions of enlightenment {unknown}
 l - 3 potions of curing {unknown}
 t - a potion of berserk rage {unknown}
 x - a potion of heal wounds {unknown}


   Skills:
 - Level 3.6(8.6) Fighting
 + Level 6.1(11.1) Long Blades
 - Level 4.4(9.4) Dodging
 - Level 5.0 Invocations


You had 5 spell levels left.
You didn't know any spells.
Your spell library was empty.

Dungeon Overview and Level Annotations

Branches:
Dungeon (4/15)
 Temple: D:4-7

Altars:
Nemelex Xobeh
Okawaru


Innate Abilities, Weirdness & Mutations

((You are very nimble when in or above water. (Stealth+, EV+, Speed+++)))
Your lower body shifts to a powerful aquatic tail in water.


Message History

You hit the hound.
The hound is heavily wounded.
The hound bites you.
You hit the hound.
The hound is severely wounded.
The hound barely misses you. The hound completely misses you.
You hit the hound but do no damage.
The hound is severely wounded.
The hound barely misses you. The jelly hits you.
You are splashed with acid!
You hit the hound.
You kill the hound!
Okawaru accepts your kill. The jelly hits you.
You are splashed with acid!
Your Long Blades skill increases to level 6!
You hit the jelly.
Your hands burn!
The jelly is heavily wounded.
The jelly barely misses you.
You are too injured to fight recklessly!
You are too injured to fight recklessly!
You are too injured to fight recklessly!
You hit the jelly.
Your hands burn!
The jelly is heavily wounded.
The jelly hits you.
You are splashed with acid!
* * * LOW HITPOINT WARNING * * *
You hit the jelly but do no damage. The acid corrodes you!
Your hands burn!
* * * LOW HITPOINT WARNING * * *
The jelly is heavily wounded.
The jelly closely misses you.
You gain the combat prowess of a mighty hero.
The jelly closely misses you.
You hit the jelly.
Your hands burn!
* * * LOW HITPOINT WARNING * * *
The jelly is severely wounded.
The jelly hits you.
You are splashed with acid!
* * * LOW HITPOINT WARNING * * *
You hit the jelly but do no damage.
Your hands burn!
* * * LOW HITPOINT WARNING * * *
The jelly is severely wounded.
You hit the jelly.
Your hands burn!
You die...

.........#
.........#
.........##
......[...###
............###
..............#
........J......
.......@.......
...............
...............
.................
...................
...................
...................
...................
...................


You could see a jelly.

Vanquished Creatures
  A water moccasin (D:3)
  A scorpion (D:4)
  A hound (D:4)
  2 orc wizards (D:3)
  3 gnolls (D:2)
  An adder (D:2)
  A worm (D:2)
  A dart slug (D:3)
  9 orcs
  7 bats
  5 endoplasms
  4 giant cockroaches
  6 hobgoblins
  4 quokkas
  7 ball pythons
  3 frilled lizards
  7 goblins
  4 kobolds
  4 rats
71 creatures vanquished.

Notes
Turn   | Place    | Note
-------+----------+-------------------------------------------
     0 | D:1      | Arzdou the Merfolk Monk began the quest for the Orb.
     0 | D:1      | Reached XP level 1. HP: 18/18 MP: 1/1
   137 | D:1      | Reached XP level 2. HP: 16/24 MP: 2/2
   138 | D:1      | Reached skill level 4 in Long Blades
   410 | D:1      | Found a faded altar of an unknown god.
   506 | D:1      | Prayed at the altar of an unknown god.
   506 | D:1      | Became a worshipper of Warmaster Okawaru
   506 | D:1      | Reached * piety under Okawaru
   506 | D:1      | Reached ** piety under Okawaru
   880 | D:2      | Reached XP level 3. HP: 24/29 MP: 3/3
   910 | D:2      | Reached skill level 1 in Invocations
  1056 | D:2      | Reached XP level 4. HP: 32/36 MP: 5/5
  1198 | D:2      | Found a sparkling altar of Nemelex Xobeh.
  1395 | D:3      | Identified the +0 robe of Okawaru's Envy {rElec rF+ Str+6}
  1585 | D:3      | Reached XP level 5. HP: 39/41 MP: 4/8
  1674 | D:3      | Noticed a water moccasin
  1685 | D:3      | Killed a water moccasin
  1685 | D:3      | Reached *** piety under Okawaru
  1686 | D:3      | Reached skill level 5 in Long Blades
  1686 | D:3      | Reached XP level 6. HP: 41/47 MP: 7/9
  2480 | D:4      | Identified the of Hium
  2518 | D:4      | Reached skill level 5 in Invocations
  2588 | D:4      | Reached skill level 6 in Long Blades
  2593 | D:4      | HP: 1/47 [acid (3)]
  2594 | D:4      | Splashed by a jelly's acid

Illustrated notes

Levels and vault maps discovered:
D:1:      evilmike_arrival_fibonacci_small, layout_loops_ring,
          dilly_ecumenical_altar_fadedgnrine
D:2:      layout_rooms, basic_altar
D:3:      layout_basic, serial_bayou_pond_e, eino_tiny_chamber, st_stairs_1
D:4:      layout_layer_cave, trog_book, minmay_temple_entry_glass, serial_shops,
          shop

Skill      XL: |  1  2  3  4  5  6 |
---------------+-------------------+-----
Long Blades    | 4 5 6 |  6.1
Invocations    | 2 4 5 |  5.0
Fighting       | |  3.6
Dodging        | |  4.4

Action                     |  1- 3 |  4- 6 || total
---------------------------+-------+-------++-------
  Melee: Falchion          |    71 |   137 ||   208
 Invoke: Heroism           |     1 |     5 ||     6
 Armour: Robe              |    38 |    36 ||    74
         Scale mail        |       |    25 ||    25
  Dodge: Dodged            |    53 |   117 ||   170

Table legend: (Time is in decaauts)
 A = Elapsed time spent in this place.
 B = Non-inter-level travel time spent in this place.
 C = Inter-level travel time spent in this place.
 D = Time resting spent in this place.
 E = Time spent auto-exploring this place.
 F = Levels seen in this place.
 G = Mean time per level.
                   A        B        C        D        E       F      G
               +--------+--------+--------+--------+--------+-----+--------+
         Total |   2588 |   2449 |    139 |      0 |   1981 |   4 |  647.0 |
       Dungeon |   2588 |   2449 |    139 |      0 |   1981 |   4 |  647.0 |
               +--------+--------+--------+--------+--------+-----+--------+

Top non-repeatable levels by time:
     D:3: 1095 daAuts
     D:1: 831 daAuts
     D:2: 553 daAuts
     D:4: 107 daAuts
